[Event "ESP chT Honor Division 2019"]
[Site "Melilla"]
[Date "2019.10.02"]
[Round "3.1"]
[White "Rakhmanov, Aleksandr"]
[Black "Abasov, Nijat"]
[Result "1/2-1/2"]
[ECO "A36"]
[WhiteElo "2621"]
[BlackElo "2632"]
[Annotator "RC"]
[PlyCount "60"]
[EventDate "2019.09.30"]
[EventType "team-tourn"]
[EventCountry "ESP"]
[SourceTitle "playchess.com"]
[Source "ChessBase"]
[SourceQuality "1"]
[TimeControl "40/5400+30:1800+30"]

1. c4 c5 2. Nc3 Nc6 3. g3 g6 4. Bg2 Bg7 5. b3 Nf6 6. Bb2 O-O 7. d3 a6 8. Qd2 Rb8 9. e3 b5 10. Nge2 Qa5 11. O-O Bb7 12. Rad1 Rfd8 13. Nd5 Qxd2 14. Rxd2 Ne8 15. Bxg7 Kxg7 16. Rc1 d6 17. h4 e6 18. Ndf4 Na5 19. Nc3 Bxg2 20. Kxg2 Nf6 21. Kf3 h5 22. Kg2 Kf8 23. Rdc2 Ke7 24. Nce2 Rd7 25. Rd2 Rdb7 26. Rdc2 Rd7 27. Rd2 Rdb7 28. Rdc2 Rd7 29. Rd2 Rdb7 30. Rdc2 Rd7 1/2-1/2

[Event "ESP chT Honor Division 2019"]
[Site "Melilla"]
[Date "2019.10.02"]
[Round "3.3"]
[White "Korneev, Oleg"]
[Black "Pap, Misa"]
[Result "1-0"]
[ECO "C43"]
[WhiteElo "2504"]
[BlackElo "2432"]
[Annotator "ChessBase"]
[PlyCount "77"]
[EventDate "2019.09.30"]
[EventType "team-tourn"]
[EventCountry "ESP"]
[SourceTitle "playchess.com"]
[Source "ChessBase"]
[SourceQuality "1"]
[TimeControl "40/5400+30:1800+30"]

1. e4 e5 2. Nf3 Nf6 3. d4 Nxe4 4. Bd3 d5 5. Nxe5 Nd7 6. Nc3 Nxe5 7. dxe5 Bb4 8. O-O Nxc3 9. bxc3 Bxc3 10. Rb1 O-O 11. Bxh7+ Kxh7 12. Qd3+ Kg8 13. Qxc3 b6 14. Qg3 Bf5 15. Rb3 Qd7 16. Bg5 Qa4 17. f4 Qd4+ 18. Re3 Rfe8 19. Bf6 Bg6 20. c3 Qc5 21. Bxg7 Kxg7 22. f5 Rh8 23. fxg6 fxg6 24. e6 Rhf8 25. Qe5+ Kg8 26. e7 Rxf1+ 27. Kxf1 Re8 28. Qe6+ Kg7 29. Qe5+ Kg8 30. Qf6 Qb5+ 31. Kf2 Qb2+ 32. Kg3 Qb1 33. Qe6+ Kg7 34. Rf3 Qe4 35. Qf7+ Kh6 36. Qxe8 Qe1+ 37. Kh3 Qe6+ 38. g4 Kg5 39. Rf5+ 1-0

[Event "ESP chT Honor Division 2019"]
[Site "Melilla"]
[Date "2019.10.02"]
[Round "3.4"]
[White "Suarez Real, Alberto"]
[Black "Asis Gargatagli, Hipolito"]
[Result "1/2-1/2"]
[ECO "C47"]
[WhiteElo "2460"]
[BlackElo "2511"]
[Annotator "ChessBase"]
[PlyCount "60"]
[EventDate "2019.09.30"]
[EventType "team-tourn"]
[EventCountry "ESP"]
[SourceTitle "playchess.com"]
[Source "ChessBase"]
[SourceQuality "1"]
[TimeControl "40/5400+30:1800+30"]

1. e4 e5 2. Nf3 Nc6 3. Nc3 Nf6 4. d4 exd4 5. Nxd4 Bb4 6. Nxc6 bxc6 7. Bd3 d5 8. exd5 O-O 9. O-O Bg4 10. f3 Bh5 11. dxc6 Qd4+ 12. Kh1 Bxc3 13. bxc3 Qxc3 14. Rb1 Bg6 15. Bb2 Qxc6 16. Qd2 Rfd8 17. Qf4 Bxd3 18. cxd3 Rxd3 19. Rbc1 Qb6 20. Bxf6 Qxf6 21. Qxf6 gxf6 22. Rxc7 Rd2 23. Ra1 Re8 24. Rxa7 Ree2 25. a4 Rxg2 26. Rg1 Rxg1+ 27. Kxg1 Ra2 28. a5 Kg7 29. a6 Kg6 30. Kh1 h5 1/2-1/2

[Event "ESP chT Honor Division 2019"]
[Site "Melilla"]
[Date "2019.10.02"]
[Round "3.5"]
[White "Moskalenko, Viktor"]
[Black "Ortega Hermida, Daniel"]
[Result "1-0"]
[ECO "E26"]
[WhiteElo "2475"]
[BlackElo "2341"]
[Annotator "ChessBase"]
[PlyCount "79"]
[EventDate "2019.09.30"]
[EventType "team-tourn"]
[EventCountry "ESP"]
[SourceTitle "playchess.com"]
[Source "ChessBase"]
[SourceQuality "1"]
[TimeControl "40/5400+30:1800+30"]

1. d4 Nf6 2. c4 e6 3. Nc3 Bb4 4. a3 Bxc3+ 5. bxc3 c5 6. e3 b6 7. Bd3 Bb7 8. f3 O-O 9. Ne2 Nc6 10. e4 Ne8 11. Be3 d6 12. O-O Na5 13. Ng3 Qd7 14. Qe2 Ba6 15. e5 Rc8 16. dxc5 bxc5 17. Rfd1 Qe7 18. f4 f5 19. exf6 Nxf6 20. Bf2 Qf7 21. Ne4 Nxe4 22. Qxe4 g6 23. Bg3 Rcd8 24. Qe2 Rfe8 25. Rab1 Rc8 26. h3 Qf6 27. Kh1 Kf7 28. Qc2 Bxc4 29. Qa4 Bxd3 30. Rxd3 c4 31. Rxd6 Nb3 32. Qxa7+ Kg8 33. Qe3 Nc5 34. Rbb6 Qf5 35. Rd4 Nd3 36. Rb7 e5 37. fxe5 Nxe5 38. Re4 Rc5 39. Qxc5 Qxe4 40. Qc7 1-0

[Event "ESP chT Honor Division 2019"]
[Site "Melilla"]
[Date "2019.10.02"]
[Round "3.6"]
[White "Vega Gutierrez, Belinda"]
[Black "Milliet, Sophie"]
[Result "0-1"]
[ECO "B90"]
[WhiteElo "2152"]
[BlackElo "2400"]
[Annotator "NA"]
[PlyCount "86"]
[EventDate "2019.09.30"]
[EventType "team-tourn"]
[EventCountry "ESP"]
[SourceTitle "playchess.com"]
[Source "ChessBase"]
[SourceQuality "1"]
[TimeControl "40/5400+30:1800+30"]

1. e4 c5 2. Nf3 d6 3. d4 cxd4 4. Nxd4 Nf6 5. Nc3 a6 6. Bd3 Nbd7 7. Be3 g6 8. h3 Bg7 9. Qd2 Nc5 10. O-O O-O 11. Nf3 Nxd3 12. Qxd3 b5 13. Bd4 e5 14. Be3 b4 15. Nd5 Nxd5 16. Qxd5 Be6 17. Qd2 Qc7 18. Rfc1 a5 19. c4 Rad8 20. b3 Qb7 21. Qc2 Bd7 22. Nd2 Bc6 23. Re1 Ra8 24. f3 f5 25. Qd3 Kh8 26. Rad1 a4 27. Qc2 axb3 28. axb3 Ra3 29. exf5 gxf5 30. Nf1 f4 31. Bf2 d5 32. Nd2 Rg8 33. Kh2 Bf6 34. Re2 e4 35. cxd5 exf3 36. Nxf3 Bxd5 37. Bd4 Bxd4 38. Nxd4 f3 39. gxf3 Qb8+ 40. Kh1 Qg3 41. Rg2 Qxh3+ 42. Kg1 Raa8 43. Rdd2 Ra1+ 0-1

[Event "ESP chT Honor Division 2019"]
[Site "Melilla"]
[Date "2019.10.02"]
[Round "3.7"]
[White "Kuzubov, Yuriy"]
[Black "Bacrot, Etienne"]
[Result "1/2-1/2"]
[ECO "D70"]
[WhiteElo "2636"]
[BlackElo "2671"]
[Annotator "ChessBase"]
[PlyCount "63"]
[EventDate "2019.09.30"]
[EventType "team-tourn"]
[EventCountry "ESP"]
[SourceTitle "playchess.com"]
[Source "ChessBase"]
[SourceQuality "1"]
[TimeControl "40/5400+30:1800+30"]

1. d4 Nf6 2. c4 g6 3. Nf3 Bg7 4. g3 c6 5. Bg2 d5 6. Qb3 O-O 7. O-O Qb6 8. Rd1 Bf5 9. Na3 Nbd7 10. Bf4 Qxb3 11. axb3 h6 12. h4 a6 13. Rac1 Rac8 14. Ne5 Be6 15. Bf3 Rfd8 16. Nb1 Nxe5 17. Bxe5 Ne8 18. Bxg7 Kxg7 19. e3 g5 20. hxg5 hxg5 21. cxd5 Bxd5 22. Nd2 Bxf3 23. Nxf3 f6 24. Nd2 Rd5 25. Ne4 Rb5 26. Rd3 Nc7 27. Kf1 Nd5 28. Ke2 Nb4 29. Rdd1 Nd5 30. Rd3 Nb4 31. Rdd1 Nd5 32. Rd3 1/2-1/2

[Event "ESP chT Honor Division 2019"]
[Site "Melilla"]
[Date "2019.10.02"]
[Round "3.8"]
[White "Naiditsch, Arkadij"]
[Black "Baklan, Vladimir"]
[Result "1-0"]
[ECO "A05"]
[WhiteElo "2643"]
[BlackElo "2592"]
[Annotator "ChessBase"]
[PlyCount "103"]
[EventDate "2019.09.30"]
[EventType "team-tourn"]
[EventCountry "ESP"]
[SourceTitle "playchess.com"]
[Source "ChessBase"]
[SourceQuality "1"]
[TimeControl "40/5400+30:1800+30"]

1. Nf3 Nf6 2. g3 b6 3. Bg2 Bb7 4. O-O g6 5. d4 Bg7 6. c4 O-O 7. Qc2 Ne4 8. Rd1 Qc8 9. d5 f5 10. Nbd2 Nd6 11. Nf1 e5 12. b3 e4 13. Nd4 c5 14. dxc6 dxc6 15. c5 Nf7 16. Bb2 Na6 17. Ne3 Qe8 18. Ndxf5 Bxb2 19. Qxb2 gxf5 20. Nxf5 Qe5 21. Qxe5 Nxe5 22. Nd6 Nxc5 23. b4 Ba6 24. bxc5 Bxe2 25. Rdc1 Nf3+ 26. Kh1 Bd3 27. cxb6 axb6 28. Rxc6 b5 29. Rb6 Rf6 30. Nc4 Raf8 31. Rxf6 Rxf6 32. Ne3 Nd4 33. Ng4 Rf8 34. Rd1 Nc6 35. Rxd3 exd3 36. Bxc6 d2 37. Ne3 Rxf2 38. Bxb5 Kg7 39. Bc4 Rf3 40. Nd1 Kf6 41. Kg2 Rf5 42. Bb3 Re5 43. Kf2 Re1 44. Ne3 h6 45. h4 Kg6 46. Kf3 Kf6 47. Kf4 Rh1 48. Bd1 Re1 49. a4 Ke6 50. Ke4 Rg1 51. g4 Rh1 52. h5 1-0

[Event "ESP chT Honor Division 2019"]
[Site "Melilla"]
[Date "2019.10.02"]
[Round "3.10"]
[White "Franco Alonso, Alejandro"]
[Black "Llorente Zaro, Alfonso"]
[Result "1-0"]
[ECO "A05"]
[WhiteElo "2384"]
[BlackElo "2447"]
[Annotator "NA"]
[PlyCount "129"]
[EventDate "2019.09.30"]
[EventType "team-tourn"]
[EventCountry "ESP"]
[SourceTitle "playchess.com"]
[Source "ChessBase"]
[SourceQuality "1"]
[TimeControl "40/5400+30:1800+30"]

1. Nf3 Nf6 2. c4 e6 3. g3 b6 4. Bg2 Bb7 5. O-O Be7 6. d4 O-O 7. Bf4 d5 8. Ne5 Nbd7 9. Nc3 c6 10. Re1 Nh5 11. Bd2 Nhf6 12. Bf4 Nh5 13. Bd2 Nhf6 14. e4 dxc4 15. Nxc4 b5 16. Ne3 Qb6 17. e5 Nd5 18. Qg4 Nxc3 19. bxc3 Kh8 20. a4 a6 21. Rab1 c5 22. Nd5 Qc6 23. Nf4 Qc7 24. axb5 Bxg2 25. Nxg2 Nb6 26. bxa6 Rxa6 27. Nf4 Nc4 28. Nh5 Rg8 29. Bg5 Bxg5 30. Qxg5 h6 31. Qg4 Rb6 32. Rxb6 Nxb6 33. Rb1 Nd5 34. Qf3 cxd4 35. cxd4 Rd8 36. Qg4 g6 37. Nf4 Qc2 38. Rf1 Kh7 39. Nxd5 Rxd5 40. Qf4 Qf5 41. Qxf5 gxf5 42. Rd1 Kg6 43. f4 f6 44. Kf2 fxe5 45. fxe5 Ra5 46. Rc1 Ra2+ 47. Ke3 Rxh2 48. Rc6 Kf7 49. Rc7+ Kf8 50. d5 exd5 51. e6 Rg2 52. Kf4 d4 53. Ke5 Rxg3 54. Kf6 Rc3 55. Rh7 Kg8 56. Rg7+ Kh8 57. Rd7 f4 58. e7 Re3 59. Rd8+ Kh7 60. e8=Q Rxe8 61. Rxe8 f3 62. Re7+ Kg8 63. Kg6 Kf8 64. Rf7+ Ke8 65. Rxf3 1-0

[Event "ESP chT Honor Division 2019"]
[Site "Melilla"]
[Date "2019.10.02"]
[Round "3.11"]
[White "Gines Esteo, Pedro Antonio"]
[Black "Gonzalez De La Torre, Santiago"]
[Result "1-0"]
[ECO "A06"]
[WhiteElo "2451"]
[BlackElo "2423"]
[Annotator "ChessBase"]
[PlyCount "73"]
[EventDate "2019.09.30"]
[EventType "team-tourn"]
[EventCountry "ESP"]
[SourceTitle "playchess.com"]
[Source "ChessBase"]
[SourceQuality "1"]
[TimeControl "40/5400+30:1800+30"]

1. Nf3 d5 2. g3 Nf6 3. Bg2 e6 4. O-O c5 5. d4 Nc6 6. c4 dxc4 7. Qa4 Bd7 8. Qxc4 b5 9. Qd3 Rc8 10. dxc5 Bxc5 11. Bg5 Nb4 12. Qb3 Nc2 13. Nc3 Nxa1 14. Rxa1 h6 15. Bxf6 Qxf6 16. Ne4 Qe7 17. Ne5 O-O 18. Rd1 Be8 19. Bf3 Bb6 20. Kg2 Rd8 21. Rc1 Bd7 22. Qd3 b4 23. b3 Be8 24. Qc4 Rd4 25. Qc2 Bb5 26. Nd2 Qg5 27. Ndc4 Rc8 28. h4 Qe7 29. e3 Rdd8 30. Qe4 Rd2 31. Qb1 Rdd8 32. Qe4 f6 33. Ng6 Qe8 34. Nd6 Rxc1 35. Nxe8 Rxe8 36. Nf4 e5 37. Qd5+ 1-0

[Event "ESP chT Honor Division 2019"]
[Site "Melilla"]
[Date "2019.10.02"]
[Round "3.12"]
[White "Argandona Riveiro, Inigo"]
[Black "Osmak, Iulija"]
[Result "1-0"]
[ECO "C00"]
[WhiteElo "2413"]
[BlackElo "2409"]
[Annotator "NA"]
[PlyCount "101"]
[EventDate "2019.09.30"]
[EventType "team-tourn"]
[EventCountry "ESP"]
[SourceTitle "playchess.com"]
[Source "ChessBase"]
[SourceQuality "1"]
[TimeControl "40/5400+30:1800+30"]

1. e4 e6 2. d3 d5 3. Nd2 Nf6 4. Ngf3 g6 5. g3 Bg7 6. Bg2 O-O 7. O-O c5 8. Re1 Nc6 9. c3 a5 10. a4 b6 11. Nb1 Ra7 12. e5 Nd7 13. Bf4 h6 14. h4 f6 15. exf6 Qxf6 16. Qd2 Kh7 17. Bd6 Re8 18. Na3 Ba6 19. Nb5 Bxb5 20. axb5 Nd8 21. Be5 Nxe5 22. Nxe5 Qf8 23. h5 gxh5 24. Ra4 Bf6 25. Rf4 Qg7 26. Qe2 Bxe5 27. Qxe5 Qxe5 28. Rxe5 Nf7 29. Re1 Rae7 30. Bxd5 exd5 31. Rxf7+ Rxf7 32. Rxe8 Rf3 33. Re3 Rf5 34. Re6 Rf3 35. Rxb6 Rxd3 36. Rc6 Rd2 37. Rxc5 d4 38. b6 dxc3 39. bxc3 Rb2 40. Rxh5 Rxb6 41. Rxa5 Rc6 42. Ra3 Kg6 43. Kf1 Kf5 44. Ke2 Re6+ 45. Kd3 Rd6+ 46. Kc2 Re6 47. Ra5+ Kg6 48. Ra2 Kf5 49. c4 Ke4 50. Kc3 Rf6 51. Rd2 {[%emt 0:00:00] Kd5} 1-0

[Event "ESP chT Honor Division 2019"]
[Site "Melilla"]
[Date "2019.10.02"]
[Round "3.14"]
[White "Ganguly, Surya Shekhar"]
[Black "Ponomariov, Ruslan"]
[Result "1/2-1/2"]
[ECO "B13"]
[WhiteElo "2658"]
[BlackElo "2675"]
[Annotator "ChessBase"]
[PlyCount "61"]
[EventDate "2019.09.30"]
[EventType "team-tourn"]
[EventCountry "ESP"]
[SourceTitle "playchess.com"]
[Source "ChessBase"]
[SourceQuality "1"]
[TimeControl "40/5400+30:1800+30"]

1. e4 c6 2. d4 d5 3. exd5 cxd5 4. Bd3 Nc6 5. c3 Qc7 6. h3 Nf6 7. Nf3 g6 8. Qc2 Bg7 9. O-O O-O 10. Re1 Nh5 11. Be3 Bd7 12. Na3 a6 13. Qd2 Rfe8 14. g4 Nf6 15. Bf4 Qb6 16. Ne5 Rad8 17. f3 Bc8 18. Qh2 Be6 19. Re2 Rc8 20. Be3 Nd7 21. f4 Ndxe5 22. fxe5 f6 23. exf6 exf6 24. Rae1 Bf7 25. Kh1 Re7 26. Bc1 Rxe2 27. Rxe2 Na5 28. Qg2 Qd8 29. Re1 Qd7 30. Bf4 Bf8 31. Nc2 1/2-1/2

[Event "ESP chT Honor Division 2019"]
[Site "Melilla"]
[Date "2019.10.02"]
[Round "3.16"]
[White "Tejedor Fuente, Enrique"]
[Black "Mareco, Sandro"]
[Result "1/2-1/2"]
[ECO "A48"]
[WhiteElo "2453"]
[BlackElo "2634"]
[Annotator "ChessBase"]
[PlyCount "62"]
[EventDate "2019.09.30"]
[EventType "team-tourn"]
[EventCountry "ESP"]
[SourceTitle "playchess.com"]
[Source "ChessBase"]
[SourceQuality "1"]
[TimeControl "40/5400+30:1800+30"]

1. d4 Nf6 2. Nf3 g6 3. Bf4 Bg7 4. e3 d6 5. h3 O-O 6. Be2 b6 7. O-O Bb7 8. a4 a5 9. Bh2 Nbd7 10. Na3 Ne4 11. c3 e5 12. Bb5 Ng5 13. Nxg5 Qxg5 14. Qg4 Qxg4 15. hxg4 c6 16. Be2 d5 17. Rfd1 Rfe8 18. Rac1 h6 19. Kf1 Rac8 20. b3 exd4 21. cxd4 Nb8 22. Nc2 Na6 23. Ne1 Nb4 24. Nd3 Bf8 25. Bf4 Kg7 26. Kg1 Ba6 27. Kf1 Re6 28. Ne1 Bxe2+ 29. Kxe2 Na2 30. Rc2 Nb4 31. Rcc1 Na2 1/2-1/2

[Event "ESP chT Honor Division 2019"]
[Site "Melilla"]
[Date "2019.10.02"]
[Round "3.17"]
[White "Ibarra Jerez, Jose Carlos"]
[Black "Ubilava, Elizbar"]
[Result "1-0"]
[ECO "C44"]
[WhiteElo "2538"]
[BlackElo "2481"]
[Annotator "ChessBase"]
[PlyCount "77"]
[EventDate "2019.09.30"]
[EventType "team-tourn"]
[EventCountry "ESP"]
[SourceTitle "playchess.com"]
[Source "ChessBase"]
[SourceQuality "1"]
[TimeControl "40/5400+30:1800+30"]

1. e4 e5 2. Nf3 Nc6 3. d4 exd4 4. Nxd4 g6 5. Nc3 Bg7 6. Be3 Nge7 7. Qd2 d6 8. O-O-O Be6 9. f4 Qd7 10. g3 O-O 11. Bg2 Bh3 12. Bxh3 Qxh3 13. Rhf1 Rfe8 14. Kb1 Nc8 15. Ndb5 Qd7 16. Nd5 Rxe4 17. Nbxc7 Rb8 18. f5 N8e7 19. fxg6 hxg6 20. Bh6 Bh8 21. Bg5 Nxd5 22. Nxd5 Rd4 23. Qc1 Rxd1 24. Qxd1 Re8 25. Bf6 Re6 26. Qd2 Bg7 27. b3 Ne5 28. h4 Qb5 29. Rf4 Qc5 30. Bxg7 Kxg7 31. Kb2 a6 32. g4 Qc8 33. h5 Qd8 34. hxg6 Nxg6 35. Qd4+ Ne5 36. Rf5 Kg8 37. Nf4 Rf6 38. Rg5+ Ng6 39. Nh5 1-0

[Event "ESP chT Honor Division 2019"]
[Site "Melilla"]
[Date "2019.10.02"]
[Round "3.18"]
[White "Arabidze, Meri"]
[Black "Vega Gutierrez, Sabrina"]
[Result "1/2-1/2"]
[ECO "D45"]
[WhiteElo "2398"]
[BlackElo "2395"]
[Annotator "NA"]
[PlyCount "79"]
[EventDate "2019.09.30"]
[EventType "team-tourn"]
[EventCountry "ESP"]
[SourceTitle "playchess.com"]
[Source "ChessBase"]
[SourceQuality "1"]
[TimeControl "40/5400+30:1800+30"]

1. d4 d5 2. c4 e6 3. Nc3 c6 4. e3 Nf6 5. Nf3 Nbd7 6. Qc2 Bd6 7. Be2 O-O 8. O-O dxc4 9. a4 e5 10. Bxc4 Qe7 11. h3 e4 12. Ng5 Nb6 13. Bb3 Nbd5 14. Ncxe4 Nxe4 15. Nxe4 Nb4 16. Qb1 Bf5 17. f3 Rae8 18. Bd2 Bxe4 19. fxe4 Qxe4 20. Qxe4 Rxe4 21. Rf5 g6 22. Rf6 Be7 23. Rf3 Kg7 24. a5 f5 25. a6 bxa6 26. Bc3 Kh6 27. Bc4 Rb8 28. Ra4 Rb6 29. Kf2 Nd5 30. Bxd5 cxd5 31. Ra5 Bb4 32. Rxd5 Bxc3 33. bxc3 Rc6 34. Ra5 Rxc3 35. Rxa6 Rc2+ 36. Kg1 Rc1+ 37. Kh2 Rc3 38. Rxa7 Rcxe3 39. Rxe3 Rxe3 40. Rd7 1/2-1/2

[Event "ESP chT Honor Division 2019"]
[Site "Melilla"]
[Date "2019.10.02"]
[Round "3.19"]
[White "Cheparinov, Ivan"]
[Black "Iturrizaga Bonelli, Eduardo"]
[Result "1-0"]
[ECO "E15"]
[WhiteElo "2670"]
[BlackElo "2629"]
[Annotator "ChessBase"]
[PlyCount "117"]
[EventDate "2019.09.30"]
[EventType "team-tourn"]
[EventCountry "ESP"]
[SourceTitle "playchess.com"]
[Source "ChessBase"]
[SourceQuality "1"]
[TimeControl "40/5400+30:1800+30"]

1. d4 Nf6 2. c4 e6 3. Nf3 b6 4. g3 Ba6 5. b3 Bb4+ 6. Bd2 Be7 7. Bg2 O-O 8. Nc3 d5 9. cxd5 exd5 10. O-O Re8 11. Ne5 Bb7 12. Bc1 Nbd7 13. Bb2 Bd6 14. f4 c5 15. e3 cxd4 16. exd4 a6 17. g4 b5 18. g5 Ne4 19. Nxe4 dxe4 20. Qg4 Re7 21. Rae1 f6 22. Nxd7 Qxd7 23. Qxd7 Rxd7 24. Bxe4 Bxe4 25. Rxe4 f5 26. Re2 Kf7 27. Kg2 Rh8 28. h3 h6 29. d5 Bb8 30. gxh6 Rxh6 31. Be5 Bxe5 32. Rxe5 g6 33. Rc1 Rh8 34. Rc6 Rhd8 35. Ree6 Rxd5 36. Rf6+ Ke7 37. Rce6+ Kd7 38. Rxa6 Rd2+ 39. Kg3 Rd3+ 40. Kf2 Kc7 41. Rf7+ Kb8 42. Rxg6 Rxh3 43. Rxf5 b4 44. Rf7 Rc8 45. Rgg7 Rc2+ 46. Kg1 Rh8 47. Rb7+ Ka8 48. Ra7+ Kb8 49. Rgb7+ Kc8 50. Rxb4 Rh3 51. Rc4+ Rxc4 52. bxc4 Rf3 53. Rf7 Rc3 54. Kf2 Rxc4 55. Kf3 Ra4 56. Re7 Rxa2 57. Kg4 Kd8 58. Re1 Rg2+ 59. Kh5 1-0

[Event "ESP chT Honor Division 2019"]
[Site "Melilla"]
[Date "2019.10.02"]
[Round "3.20"]
[White "Vazquez Igarza, Renier"]
[Black "Predke, Alexandr"]
[Result "0-1"]
[ECO "E04"]
[WhiteElo "2557"]
[BlackElo "2657"]
[Annotator "ChessBase"]
[PlyCount "104"]
[EventDate "2019.09.30"]
[EventType "team-tourn"]
[EventCountry "ESP"]
[SourceTitle "playchess.com"]
[Source "ChessBase"]
[SourceQuality "1"]
[TimeControl "40/5400+30:1800+30"]

1. Nf3 d5 2. d4 Nf6 3. c4 e6 4. g3 dxc4 5. Bg2 Bb4+ 6. Bd2 a5 7. Qc2 c5 8. dxc5 Bxc5 9. Qxc4 Nbd7 10. Nc3 b6 11. O-O O-O 12. Qb3 Bb7 13. Rfd1 Qe7 14. Be1 Rac8 15. Rac1 Bb4 16. a3 Nc5 17. Qa2 Bxc3 18. bxc3 Rfd8 19. c4 Rxd1 20. Rxd1 Ncd7 21. Bc3 h6 22. Bf1 Ne4 23. Ba1 Ba6 24. Qb1 f5 25. Qd3 Rxc4 26. Qxd7 Qxd7 27. Rxd7 Rc1 28. Bb2 Rb1 29. Rxg7+ Kf8 30. Rc7 Rxb2 31. Nd4 Rb1 32. Nxe6+ Kg8 33. Rc2 Rd1 34. Kg2 Nd2 35. Nd4 Nxf1 36. Nxf5 h5 37. Kh3 Rd2 38. Rc6 Bxe2 39. Kh4 b5 40. Kg5 Kf7 41. h3 Ke8 42. Rc7 Kd8 43. Ra7 a4 44. f4 Rd3 45. g4 hxg4 46. hxg4 Ne3 47. Ne7 Bf3 48. Kf6 Rd7 49. Rxd7+ Kxd7 50. g5 b4 51. g6 bxa3 52. g7 Nd5+ 0-1

[Event "ESP chT Honor Division 2019"]
[Site "Melilla"]
[Date "2019.10.02"]
[Round "3.23"]
[White "Moreno Tejera, Emilio"]
[Black "Martin Duque, Jesus"]
[Result "1-0"]
[ECO "C70"]
[WhiteElo "2427"]
[BlackElo "2445"]
[Annotator "NA"]
[PlyCount "73"]
[EventDate "2019.09.30"]
[EventType "team-tourn"]
[EventCountry "ESP"]
[SourceTitle "playchess.com"]
[Source "ChessBase"]
[SourceQuality "1"]
[TimeControl "40/5400+30:1800+30"]

1. e4 e5 2. Nf3 Nc6 3. Bb5 a6 4. Ba4 g6 5. O-O Bg7 6. c3 d6 7. d4 Bd7 8. d5 Nce7 9. Bxd7+ Qxd7 10. c4 h6 11. Nc3 f5 12. Ne1 Nf6 13. f3 O-O 14. Nd3 c6 15. Be3 cxd5 16. cxd5 fxe4 17. fxe4 Rac8 18. Rc1 b5 19. Nf2 Rc4 20. b3 Rc7 21. Qd2 Ng4 22. Nxg4 Qxg4 23. Rxf8+ Bxf8 24. h3 Qc8 25. Bb6 Rb7 26. Nxb5 Qb8 27. Bc7 Qa8 28. Nxd6 Qa7+ 29. Qf2 Qxf2+ 30. Kxf2 Ra7 31. Ke2 g5 32. Bb6 Rd7 33. Ne8 Kf7 34. Nc7 Ng6 35. g3 h5 36. Rf1+ Kg7 37. Ne6+ 1-0

[Event "ESP chT Honor Division 2019"]
[Site "Melilla"]
[Date "2019.10.02"]
[Round "3.24"]
[White "Di Benedetto, Desiree"]
[Black "Bivol, Alina"]
[Result "0-1"]
[ECO "A48"]
[WhiteElo "2235"]
[BlackElo "2371"]
[Annotator "NA"]
[PlyCount "126"]
[EventDate "2019.09.30"]
[EventType "team-tourn"]
[EventCountry "ESP"]
[SourceTitle "playchess.com"]
[Source "ChessBase"]
[SourceQuality "1"]
[TimeControl "40/5400+30:1800+30"]

1. d4 Nf6 2. Nf3 g6 3. Nc3 d5 4. Bf4 Bg7 5. Nb5 Na6 6. e3 O-O 7. h3 c6 8. Nc3 Qa5 9. Qd2 b5 10. Bd3 b4 11. Ne2 c5 12. c3 c4 13. Bb1 bxc3 14. Nxc3 Bb7 15. O-O Rac8 16. Qe2 Rfd8 17. Rd1 Nb4 18. Ne5 Nc6 19. Nxc6 Bxc6 20. Be5 Bf8 21. Bc2 Nd7 22. Bf4 Bg7 23. e4 dxe4 24. Bxe4 Bxe4 25. Qxe4 e6 26. Qe2 Qf5 27. Be3 Nb6 28. Rac1 Nd5 29. Nxd5 exd5 30. b3 Qe6 31. Qd2 Qa6 32. Bf4 h5 33. Re1 cxb3 34. axb3 Qb6 35. Rxc8 Rxc8 36. Be5 Qxb3 37. Bxg7 Kxg7 38. Qf4 Qb8 39. Qg5 Qd6 40. Ra1 Rb8 41. g3 Rb7 42. Ra5 Rd7 43. h4 Qe6 44. Qd2 Qe4 45. Kh2 Re7 46. Ra1 Rc7 47. Kg1 Re7 48. Qc3 Rb7 49. Re1 Rb1 50. Rxb1 Qxb1+ 51. Kh2 Qe4 52. f3 Qe2+ 53. Kg1 a6 54. f4 Qb5 55. Qe1 a5 56. Qe5+ Kg8 57. Kh2 Qd7 58. Qb8+ Kg7 59. Qa8 Qb5 60. Qa7 Qe2+ 61. Kg1 Qf3 62. Kh2 Qf2+ 63. Kh3 Qg1 0-1

[Event "ESP chT Honor Division 2019"]
[Site "Melilla"]
[Date "2019.10.03"]
[Round "4.2"]
[White "Vazquez Igarza, Renier"]
[Black "Idani, Pouya"]
[Result "1/2-1/2"]
[ECO "A04"]
[WhiteElo "2557"]
[BlackElo "2568"]
[Annotator "ChessBase"]
[PlyCount "123"]
[EventDate "2019.09.30"]
[EventType "team-tourn"]
[EventCountry "ESP"]
[SourceTitle "playchess.com"]
[Source "ChessBase"]
[SourceQuality "1"]
[TimeControl "40/5400+30:1800+30"]

1. Nf3 f5 2. c4 Nf6 3. g3 g6 4. b4 Bg7 5. Bb2 O-O 6. Bg2 c6 7. O-O Na6 8. Qb3 Kh8 9. d3 d6 10. Nbd2 e5 11. a4 Qe7 12. c5 dxc5 13. b5 Be6 14. Nc4 e4 15. bxa6 b5 16. axb5 cxb5 17. Qxb5 Rab8 18. Qa5 exf3 19. Bxf3 Bxc4 20. Bxf6 Bxf6 21. dxc4 Bxa1 22. Qxa1+ Qf6 23. Qa5 Qd6 24. Qc3+ Rf6 25. Kg2 Kg7 26. Ra1 Rb6 27. Bb7 h5 28. Ra2 Qe7 29. Bd5 Kh7 30. Bb7 Rfd6 31. Ra1 Re6 32. e3 Red6 33. h4 Qg7 34. Qa5 Rd3 35. Rf1 Qe7 36. Qa1 Rd2 37. Qc3 Rbb2 38. Bd5 Re2 39. Kg1 Rec2 40. Qd3 Qe5 41. Bg2 Rd2 42. Qa3 Ra2 43. Qb3 Rdb2 44. Qd3 Rxa6 45. Qd7+ Kh6 46. Qc8 Ra5 47. Qd8 Rb6 48. Bd5 Qf6 49. Qc8 Rd6 50. Kg2 Qd8 51. Qb7 Rd7 52. Qc6 Rc7 53. Qe6 Qe7 54. Qg8 Qg7 55. Qd8 Ra4 56. Re1 Rb4 57. e4 Re7 58. exf5 Rxe1 59. f6 Rb8 60. Qxb8 Qxf6 61. Qxa7 Qf8 62. Qa2 1/2-1/2

[Event "ESP chT Honor Division 2019"]
[Site "Melilla"]
[Date "2019.10.03"]
[Round "4.3"]
[White "Pap, Misa"]
[Black "Moreno Ruiz, Javier"]
[Result "1/2-1/2"]
[ECO "B22"]
[WhiteElo "2432"]
[BlackElo "2470"]
[Annotator "ChessBase"]
[PlyCount "162"]
[EventDate "2019.09.30"]
[EventType "team-tourn"]
[EventCountry "ESP"]
[SourceTitle "playchess.com"]
[Source "ChessBase"]
[SourceQuality "1"]
[TimeControl "40/5400+30:1800+30"]

1. e4 c5 2. c3 Nf6 3. e5 Nd5 4. Nf3 Nc6 5. Bc4 Nb6 6. Bb3 c4 7. Bc2 d6 8. exd6 Qxd6 9. O-O Bg4 10. h3 Bh5 11. Re1 e6 12. b3 Be7 13. Na3 cxb3 14. axb3 O-O 15. d4 Nd5 16. Bd2 a6 17. Nc4 Qc7 18. Ne3 Nf6 19. g4 Bg6 20. Bxg6 hxg6 21. Nc4 b5 22. Nce5 Nxe5 23. Nxe5 Nd7 24. Qf3 Nxe5 25. Rxe5 Qd7 26. Ra2 Rfd8 27. Re1 a5 28. Rea1 a4 29. Qd1 e5 30. bxa4 exd4 31. cxd4 Qxd4 32. Qe2 Bf6 33. g5 Qxa1+ 34. Rxa1 Bxa1 35. a5 Bd4 36. Kg2 Bc5 37. Bc3 Bd4 38. Bb4 Rd5 39. f4 Rad8 40. Qe7 R5d7 41. Qe2 Bc5 42. Qxb5 Bxb4 43. Qxb4 Rd4 44. Qb6 R4d6 45. Qc7 R6d7 46. Qb6 Rd3 47. a6 Rc8 48. Qb2 Rdc3 49. Qb7 R3c7 50. Qb6 Rc2+ 51. Kf3 R8c3+ 52. Ke4 Ra3 53. Qb8+ Kh7 54. Qf8 Re2+ 55. Kd4 Rxa6 56. Qxf7 Ra5 57. h4 Rf5 58. Qc7 Rh2 59. Qb8 Rxh4 60. Ke3 Rh3+ 61. Ke4 Ra5 62. Qf8 Ra4+ 63. Kd5 Rd3+ 64. Ke5 Re3+ 65. Kd5 Re1 66. Qf7 Ra5+ 67. Kd4 Rf5 68. Qc7 Rf8 69. Kd3 Rd8+ 70. Kc2 Re2+ 71. Kc3 Re3+ 72. Kc2 Ree8 73. Qb7 Rf8 74. Qh1+ Kg8 75. Qe4 Rd6 76. Qc4+ Kh7 77. Qc5 Rdd8 78. Qg1 Rd6 79. Qc5 Rdd8 80. Qg1 Kg8 81. Qb6 Kh7 1/2-1/2